AoeStats
← AOE2 Dairyvet7

African Clearing

510302339Analyzed
4v4 RM · 1d ago on Sep 30, 2026· 28m 34s· 8 players
Game mode
Random Map
Map size
Large (8 player)
Population
200
Speed
Normal
Resources
Standard
Victory
Conquest
Starting age
Dark Age
Ending age
Imperial Age
RankedLock teamsTeams togetherTeam positionsShared explorationLock speedFull tech treeHidden civsTurbo modeCheats
Victory
Defeat
🇨🇳 Magyars · China
1498
+13
🇦🇷 Khmer · Argentina
1473
+14
🇦🇷 Saxons · Argentina
1459
+15
🇸🇪 Persians · Sweden
1351
+20
🇩🇪 Saxons · Germany
1470
-17
🇵🇾 Celts · Paraguay
1422
-15
🇲🇽 Varangians · Mexico
1419
-15
🇹🇼 Saracens · Taiwan
1414
-15
Moctezama
11:36 Loom
13:29 Feudal Age
17:26 Castle Age
15:59 Bloodlines
18:10 Forging
Chili
8:14 Loom
14:10 Feudal Age
15:16 Town Watch
19:26 Castle Age
18:07 Horse Collar
18:13 Double-Bit Axe
20:13 Fletching
20:56 Bodkin Arrow
25:17 Scale Mail Armor
27:00 Chain Mail Armor
牛拉松
7:01 Loom
12:23 Feudal Age
12:55 Double-Bit Axe
19:17 Castle Age
18:32 Stone Mining
19:02 Scale Barding Armor
19:43 Forging
24:29 Fletching
27:06 Wheelbarrow
26:34 Horse Collar
AOE2 Dairyvet7
10:57 Loom
13:30 Feudal Age
26:52 Fletching
27:55 Wheelbarrow
Itsalright7
6:27 Loom
10:10 Loom
12:48 Feudal Age
13:36 Double-Bit Axe
20:30 Castle Age
19:35 Forging
20:20 Light Cavalry
29:04 Bloodlines
28:55 Husbandry
elchinaleikazo
8:36 Loom
11:17 Feudal Age
11:55 Town Watch
22:45 Double-Bit Axe
23:37 Horse Collar
27:26 Castle Age
28:32 Bow Saw
第一滴血
10:08 Loom
12:16 Feudal Age
14:25 Double-Bit Axe
17:25 Bloodlines
17:29 Scale Barding Armor
19:08 Horse Collar
24:39 Castle Age
23:41 Fletching
25:20 Bodkin Arrow
26:02 Padded Archer Armor
26:37 Husbandry
中國香港玩家
12:56 Feudal Age
13:45 Loom
16:34 Castle Age
15:39 Double-Bit Axe
16:09 Horse Collar
21:06 Fletching
23:41 Bow Saw
25:29 Heavy Plow
26:40 Town Watch
28:04 Stone Mining
28:31 Gold Mining
29:35 Wheelbarrow
Connection lost

Rejoining the realm…

Still unreachable

The connection could not be restored.

Session expired

The server has moved on; the page needs a fresh start.